 Dungeon Crawl Stone Soup version 0.27.1-33-g824d729ab1 (webtiles) character file.

Game seed: 11747204471386673197

565 belegose the Skirmisher (level 7, -2/58 HPs)
             Began as a Djinni Abyssal Knight on Dec 6, 2021.
             Was a Believer of Lugonu.
             Slain by a phantom (5 damage)
             ... on level 5 of the Dungeon.
             The game lasted 00:13:52 (5656 turns).

belegose the Skirmisher (Djinni Abyssal Knight)     Turns: 5656, Time: 00:13:53

Health: -2/58      AC:  6    Str:  9 (12) XL:     7   Next: 58%
Gold:   258        EV: 11    Int: 13 (14) God:    Lugonu [**....] SH:  4 Dex: 14 (15)

rFire    + + .     SeeInvis .   a - +1 falchion
rCold    x . .     Faith    .   j - +0 buckler
rNeg     . . .     Spirit   .   g - +0 ring mail
rPois    ∞         Reflect  .   (no helmet)
rElec    .         Harm     .   (no cloak)
rCorr    .         Rampage  .   e - +0 pair of gloves
Will     .....                  (boots unavailable)
Stlth    +.........             (no amulet)
HPRegen  0.19/turn              o - +4 ring of slaying
MPRegen  0.00/turn              (no ring)

@: flying
A: sickness immunity, fire resistance 2, cold vulnerability 1, float, innate
caster, hp casting, extra vitality 1, agile 1, robust 1, wild magic 1, sturdy
frame 1
a: Renounce Religion, Depart the Abyss, Bend Space


You were on level 5 of the Dungeon.
You worshipped Lugonu.
Lugonu was pleased with you.
You visited 1 branch of the dungeon, and saw 6 of its levels.
You visited the Abyss 1 time.
You also visited: Sewer.

You collected 258 gold pieces.

Inventory:

Hand Weapons
 a - a +1 falchion (weapon)
Missiles
 n - 8 poisoned darts (quivered)
Armour
 e - a +0 pair of gloves (worn)
 g - a +0 ring mail (worn)
 j - a +0 buckler (worn)
Jewellery
 o - a +4 ring of slaying (left hand)
Scrolls
 b - a scroll of fear {unknown}
 c - 2 scrolls of magic mapping
 d - a scroll of fog {unknown}
 h - 3 scrolls of teleportation
 i - 2 scrolls of identify
 k - 2 scrolls of amnesia {unknown}
 l - a scroll of silence {unknown}
 p - a scroll of blinking {unknown}
Potions
 f - a potion of invisibility {unknown}
 m - a potion of lignification {unknown}


   Skills:
 - Level 4.3 Fighting
 - Level 3.3 Long Blades
 - Level 1.0 Armour
 - Level 3.2 Dodging
 + Level 2.3 Shields
 + Level 2.4 Spellcasting
 + Level 3.8 Invocations


You had 4 spell levels left.
You knew the following spells:

 Your Spells              Type           Power      Damage    Failure   Level
a - Sandblast             Erth           20%        2d7       26%         1
b - Searing Ray           Conj           20%        3d3       36%         2
c - Mephitic Cloud        Conj/Pois/Air  10%        N/A       58%         3
Your spell library was empty.

Dungeon Overview and Level Annotations

Branches:
Dungeon (6/15)              Sewer (visited)
 Temple: D:4-7

Altars:

Shops:
D:2 (


Innate Abilities, Weirdness & Mutations

You are immune to sickness and miasma.
You are immune to poison.
Your flesh is very heat resistant. (rF++)
You are vulnerable to cold. (rC-)
You float through the air rather than walking.
You learn spells naturally, not from books.
Your magical power is your life essence.
You have superior vitality. (+4 HP)
You are agile. (Dex +2)
You are robust. (+10% HP)
Your spells are a little harder to cast, but a little more powerful.
Your movements are slightly less encumbered by armour. (ER -2)


Message History

The orc priest barely misses you.
You riposte.
You closely miss the orc priest.
There is a stone staircase leading up here.
The orc priest barely misses you. The orc priest closely misses you.
You riposte.
You hit the orc priest but do no damage.
There is a stone staircase leading down here.
Things that are here:
a +0 dagger; a +0 robe; an orc corpse The orc priest looks braver for a moment.
Things that are here:
a +0 dagger; a +0 robe The orc priest looks braver for a moment.
There is a stone staircase leading up here.
The orc closely misses you.
You fly upwards.
The phantom misses you.
You riposte.
You closely miss the phantom.
There is a stone staircase leading down here.
Unknown command.
You hit the orc.
The orc is lightly wounded.
The phantom barely misses you. You block the orc's attack.
The phantom hits you!
* * * LOW HITPOINT WARNING * * *
The phantom blinks!
You blink.
Unknown command.
You hit the orc.
The orc is moderately wounded.
The orc barely misses you. The phantom hits you!
* * * LOW HITPOINT WARNING * * *
The phantom blinks!
You blink.
You are no longer corroded.
The phantom closely misses you.
You riposte.
You hit the phantom.
The phantom is lightly damaged.
Okay, then.
Okay, then.
As you read the scroll labelled BUACZU UFAACS, it crumbles to dust.
It is a scroll of identify.
c - 2 scrolls of magic mapping The phantom hits you.
You die...

.#.............#>#
#########.###
.#.##...#.#.##.#.#
#..#.........
).....#.#...# #.#
#..#.####.###
...#..#.##### #.# #..#.#
#.### ...#....# #.#
#..#.# #.... ......###
#o# #..#.# ##### #######
#.# #..#.#
#.####..#.#..#####
#@#.....#.#.......
#W#.##.##.#.######
#.........#.......
###.##.###########
#...............
#..#............
#..######....... ######
#W.............. ##
#....####.#######.......


You could see a phantom and an orc.

Vanquished Creatures
  A water moccasin (Sewer)
  A wyvern zombie (D:4)
  A water moccasin skeleton (D:5)
  A howler monkey (D:4)
  A bullfrog zombie (D:5)
  An orc priest (D:4)
  2 bullfrog skeletons (D:5)
  An iguana (D:3)
  2 orc wizards (D:6)
  A hound skeleton (D:4)
  5 adders
  A worm (D:3)
  6 orcs
  4 ball pythons
  6 endoplasms
  2 giant cockroaches
  4 goblins
  8 hobgoblins
  8 jackals
  5 kobolds
  2 quokkas
  5 bats
  4 frilled lizards
  2 rats
74 creatures vanquished.

Notes
Turn   | Place    | Note
-------+----------+-------------------------------------------
     0 | Abyss:1  | belegose the Djinni Abyssal Knight began the quest for the
                  | Orb.
     0 | Abyss:1  | Reached XP level 1. HP: 20/20 MP: 0/0
   111 | Abyss:1  | Noticed an ancient zyme
   111 | Abyss:1  | Noticed a large abomination
   112 | D:1      | Escaped the Abyss
   174 | D:1      | Reached * piety under Lugonu
   291 | D:1      | Reached XP level 2. HP: 25/25 MP: 0/0
   306 | D:1      | You are sucked into a shaft and drop 1 floor!
   467 | D:2      | Reached XP level 3. HP: 21/30 MP: 0/0
   467 | D:2      | Learned a level 1 spell: Sandblast
   677 | D:2      | Found a faded altar of an unknown god.
   925 | D:2      | Found Obomuv's Antique Weapon Shoppe.
  1411 | D:1      | Reached XP level 4. HP: 35/35 MP: 0/0
  2074 | D:3      | Found a glowing drain.
  2084 | Sewer    | Entered a sewer
  2107 | Sewer    | Reached skill level 1 in Spellcasting
  2244 | Sewer    | Noticed a water moccasin
  2248 | Sewer    | Gained mutation: Your spells are a little harder to cast,
                  | but a little more powerful. [potion of mutation]
  2248 | Sewer    | Gained mutation: Your movements are slightly less
                  | encumbered by armour. (ER -2) [potion of mutation]
  2248 | Sewer    | Gained mutation: You are agile. (Dex +2) [potion of
                  | mutation]
  2248 | Sewer    | Gained mutation: You are robust. (+10% HP) [potion of
                  | mutation]
  2268 | Sewer    | Killed a water moccasin
  2269 | Sewer    | Reached XP level 5. HP: 12/45 MP: 0/0
  2269 | Sewer    | Learned a level 2 spell: Searing Ray
  2283 | Sewer    | Identified the +4 shortbow of Infinity {vorpal, rF+ rN+
                  | Str-5 SInv}
  3372 | D:4      | Noticed a black bear
  3621 | D:3      | Reached XP level 6. HP: 27/51 MP: 0/0
  4115 | D:4      | Reached skill level 4 in Fighting
  4266 | D:4      | Reached ** piety under Lugonu
  4267 | D:4      | Reached skill level 1 in Shields
  4290 | D:4      | HP: 1/51 [wyvern zombie (5)]
  4748 | D:4      | Reached XP level 7. HP: 57/57 MP: 0/0
  4748 | D:4      | Learned a level 3 spell: Mephitic Cloud
  4792 | D:5      | Entered Level 5 of the Dungeon
  5656 | D:5      | Slain by a phantom

Illustrated notes

Levels and vault maps discovered:
D:1:      lemuel_arrival_funnel, layout_basic, serial_glass, glass_columns_b,
          glass_columns_a
D:2:      layout_basic, serial_shops, nicolae_shop_stone,
          hellmonk_ecumenical_altar_inner_sanctum
D:3:      layout_basic, cheibrodos_sewer_entry_bend, serial_forest,
          infiniplex_forest_end_2, infiniplex_forest_clump_diagonal,
          infiniplex_forest_straight_2, infiniplex_forest_end_2,
          infiniplex_forest_clump_C, infiniplex_forest_lined_2
D:4:      layout_cave_pools
D:5:      old_forge, layout_basic, st_stairs_9, uniq_menkaure
D:6:      layout_loops_ring, minmay_temple_entry_tees, minivault_26,
          minmay_statues_item, uniq_eustachio

Skill      XL: |  1  2  3  4  5  6  7 |
---------------+----------------------+-----
Invocations    | 2 3 |  3.8
Long Blades    | 2 3 |  3.3
Spellcasting   | 1 2 |  2.4
Dodging        | 3 |  3.2
Fighting       | 4 |  4.3
Shields        | 1 2 |  2.3
Armour         | |  1.0

Action                   |  1- 3 |  4- 6 |  7- 9 || total
-------------------------+-------+-------+-------++-------
Melee: Falchion          |    74 |   143 |    47 ||   264
Throw: Throwing net      |       |     1 |       ||     1
Invok: Depart the Abyss  |     1 |       |       ||     1
  Use: Potion            |       |     6 |       ||     6
       Scroll            |       |     1 |     1 ||     2
 Stab: Sleeping          |       |     1 |       ||     1
Armor: Leather armour    |     4 |       |       ||     4
       Ring mail         |    21 |    43 |    20 ||    84
Dodge: Dodged            |    45 |    91 |    21 ||   157
Block: Buckler           |       |    12 |    10 ||    22
       Rpst.: Falchion   |    14 |    32 |     7 ||    53
